 Dungeon Crawl Stone Soup version 0.28-a0-69-g49dcd67cf8 (webtiles) character file.

Game seed: 4263105944265660197

4466 MovingMist the Fighter (level 10, -1/64 HPs)
             Began as a Gargoyle Fighter on July 31, 2021.
             Was a Follower of Okawaru.
             Killed by divine providence
             ... invoked by an orc priest
              (15 damage)
             ... on level 9 of the Dungeon.
             The game lasted 00:12:50 (6615 turns).

MovingMist the Fighter (Gargoyle Fighter)           Turns: 6615, Time: 00:12:51

Health: -1/64      AC: 16    Str: 21    XL:     10   Next: 37%
Magic:  10/10      EV:  8    Int:  9    God:    Okawaru [*.....]
Gold:   489        SH:  9    Dex: 11    Spells: 9/9 levels left

rFire   + . .      SeeInvis .   F - +4 whip
rCold   + . .      Faith    .   c - +0 kite shield
rNeg    + . .      Spirit   .   m - +0 chain mail
rPois   ∞          Reflect  .   v - +0 helmet
rElec   +          Harm     .   i - scarf {rC+ rF+}
rCorr   .          Rampage  .   (no gloves)
Will    .....                   y - +0 pair of boots
Stlth   ..........              k - amulet of regeneration
HPRegen 1.20/turn               (no ring)
MPRegen 0.12/turn               (no ring)

@: corroded
A: sickness immunity, AC +7, negative energy resistance 1, electricity
resistance, torment resistance 1, petrification resistance
a: Renounce Religion, Heroism


You were on level 9 of the Dungeon.
You worshipped Okawaru.
Okawaru was aware of your devotion.
You visited 2 branches of the dungeon, and saw 10 of its levels.

You collected 489 gold pieces.

Inventory:

Hand Weapons
 F - a +4 whip (weapon)
Missiles
 e - 2 throwing nets (quivered)
Armour
 c - a +0 kite shield (worn)
 i - a scarf of resistance (worn)
 m - a +0 chain mail (worn)
 v - a +0 helmet (worn)
 y - a +0 pair of boots (worn)
Jewellery
 k - an amulet of regeneration (around neck)
 C - a ring of wizardry
 H - a ring of positive energy
Wands
 q - a wand of iceblast (9)
 B - a wand of charming (5)
 G - a wand of digging (6)
Scrolls
 f - 2 scrolls of teleportation {unknown}
 h - a scroll of silence {unknown}
 j - 3 scrolls of summoning {unknown}
 l - a scroll of vulnerability {unknown}
 n - 4 scrolls of enchant weapon {unknown}
 r - 5 scrolls of identify {unknown}
 s - a scroll of noise {unknown}
 t - 2 scrolls of brand weapon {unknown}
 u - a scroll of torment {unknown}
 w - a scroll of fear {unknown}
 x - a scroll of magic mapping {unknown}
 E - a scroll of amnesia {unknown}
Potions
 a - a potion of ambrosia {unknown}
 b - 2 potions of degeneration {unknown}
 d - 4 potions of might
 g - 4 potions of curing {unknown}
 o - a potion of berserk rage {unknown}
 p - 2 potions of brilliance {unknown}
 z - a potion of magic {unknown}
 A - 3 potions of heal wounds {unknown}
 D - 5 potions of haste {unknown}


   Skills:
 + Level 8.0 Fighting
 + Level 6.9 Maces & Flails
 + Level 8.0 Armour
 * Level 7.8 Dodging
 - Level 3.2 Shields


You had 9 spell levels left.
You didn't know any spells.
Your spell library contained the following spells:

 Spells                   Type           Power      Damage    Failure   Level
 Animate Armour           Summ/Erth      0%         N/A       100%        4
 Cause Fear               Hex            0%         N/A       100%        4
 Blade Hands              Tmut           0%         N/A       100%        5
 Iron Shot                Conj/Erth      0%         9d1       100%        6
 Dragon Form              Tmut           0%         N/A       100%        7
 Dragon's Call            Summ           0%         N/A       100%        9


Dungeon Overview and Level Annotations

Branches:
Dungeon (9/15)             Temple (1/1) D:7
   Lair: D:8-11         Orc: D:9-12

Altars:
Ashenzari
Elyvilon
Fedhas
Hepliaklqana
Kikubaaqudgha
Makhleb
Nemelex Xobeh
Okawaru
Trog
Vehumet
Wu Jian
Xom
Yredelemnul
Zin
The Shining One

Annotations:
D:7 Prince Ribbit


Innate Abilities, Weirdness & Mutations

You are immune to sickness and miasma.
Your stone body is resilient. (AC +7)
You are immune to poison.
You resist negative energy. (rN+)
You are resistant to electric shocks. (rElec)
You are resistant to unholy torment.
You are immune to petrification.


Message History

HP restored.
There is a stone staircase leading down here.
A - 3 red potions (gained 1)
d - 4 potions of might (gained 1)
An orc wizard comes into view. It is wielding a +0 dagger.
The orc wizard shouts!
Found a steel ring.
An orc and an orc priest come into view.
The orc is wielding a +0 club and carrying a wand of digging (3).
The orc shouts!
You hear a shout!
An acid dragon and an orc come into view.
The acid dragon roars!
The orc shouts!
You hear a shout!
An orc priest comes into view. It is wielding a +0 club.
The orc priest shouts!
You hit the orc wizard but do no damage.
The orc wizard closely misses you.
The orc priest mumbles some strange prayers to Beogh against you.
Beogh smites you!
The orc priest invokes the aid of Beogh against you.
Beogh smites you! The acid dragon spits acid at you.
The splash of acid hits you but does no damage.
The acid corrodes you!
You are splashed with acid!
The orc wizard casts a spell at you. The puff of flame hits you. You resist.
You see here a ring of positive energy.
H - a ring of positive energy The orc priest mumbles some strange prayers to Beogh against you.
Beogh smites you!
* * * LOW HITPOINT WARNING * * *
The orc priest looks encouraged for a moment.
The orc wizard closely misses you.
The orc priest looks braver for a moment.
An orc comes into view. It is wielding a +0 trident.
The orc shouts!
An orc and an orc wizard come into view.
The orc wizard shouts!
The orc shouts!
The orc priest invokes the aid of Beogh against you.
Beogh smites you!
You die...

..>.).....≈≈....................
.........≈_≈....................
........≈≈≈≈≈......o............
...........≈≈.....Do...#........
...................#####........
...............#oo....###.......
.8........(.## #o.....# .....
....†...#...# #.###.... ...
##..#..###..# #@# ..##. ###.####
.## #.......# #...###### .
##......#
#.....#..#..........o.#
#......................8
###....###.....o........
#......# ............8
##....##.........o.....
##....#.##.........


You could see an acid dragon, 2 orc priests, 2 orc wizards and 4 orcs.

Vanquished Creatures
  A two-headed ogre (D:7)
  A deep elf zephyrmancer (D:6)
  A troll (D:7)
  A slime creature (D:6)
  2 wyverns
  2 water moccasins (D:7)
  2 orc warriors
  A sky beast (D:7)
  A black bear (D:6)
  2 ogres (D:3)
  4 centaurs
  A phantom (D:4)
  A kobold brigand (D:5)
  2 gnoll sergeants
  Blork the orc (D:6)
  A wyvern zombie (D:7)
  A bullfrog (D:7)
  A scorpion (D:3)
  A water moccasin skeleton (D:4)
  A howler monkey (D:5)
  5 hounds (D:5)
  2 jellies (D:6)
  3 orc priests
  A centaur skeleton (D:5)
  Ijyb (D:3)
  2 bullfrog skeletons
  2 iguanas
  6 orc wizards
  A howler monkey zombie (D:5)
  8 gnolls
  10 adders
  A white imp (D:8)
  2 ufetubi
  2 worms (D:3)
  An adder skeleton (D:4)
  2 dart slugs
  23 orcs
  27 endoplasms
  2 giant cockroaches (D:2)
  4 goblins
  6 hobgoblins
  A jackal (D:2)
  11 kobolds
  5 quokkas
  6 ball pythons (D:3)
  14 bats
  A frilled lizard (D:2)
  6 rats
  A toadstool (D:2)
184 creatures vanquished.

Vanquished Creatures (others)
  A sky beast (D:6)
  A phantom (D:7)
  5 fungi (D:6)
  A plant (D:3)
  4 toadstools (D:2)
12 creatures vanquished.

Grand Total: 196 creatures vanquished

Notes
Turn   | Place    | Note
-------+----------+-------------------------------------------
     0 | D:1      | MovingMist the Gargoyle Fighter began the quest for the
                  | Orb.
     0 | D:1      | Reached XP level 1. HP: 14/14 MP: 1/1
   437 | D:1      | Reached XP level 2. HP: 19/19 MP: 2/2
   645 | D:1      | Reached skill level 1 in Dodging
   860 | D:1      | Reached XP level 3. HP: 23/23 MP: 3/3
   933 | D:1      | Found a faded altar of an unknown god.
  1667 | D:2      | Reached XP level 4. HP: 29/29 MP: 4/4
  1996 | D:3      | Reached XP level 5. HP: 33/33 MP: 5/5
  2758 | D:4      | Noticed an ogre
  2775 | D:3      | Killed an ogre
  2776 | D:3      | Reached XP level 6. HP: 17/39 MP: 6/6
  2856 | D:4      | Noticed Ijyb
  2911 | D:3      | Killed Ijyb
  2941 | D:4      | Identified the +3 robe "Duasahy" {rPois rN+}
  2989 | D:4      | Reached XP level 7. HP: 44/44 MP: 7/7
  3386 | D:3      | Reached skill level 5 in Armour
  3453 | D:4      | Reached skill level 5 in Fighting
  3494 | D:5      | Entered Level 5 of the Dungeon
  3930 | D:5      | Reached XP level 8. HP: 50/50 MP: 8/8
  4523 | D:6      | Reached skill level 5 in Dodging
  4600 | D:6      | Noticed Blork the orc
  4661 | D:6      | Killed Blork the orc
  4662 | D:6      | Reached skill level 5 in Maces & Flails
  5036 | D:6      | Noticed a slime creature
  5052 | D:6      | Killed a slime creature
  5053 | D:6      | Reached XP level 9. HP: 29/56 MP: 9/9
  5158 | D:6      | Noticed a deep elf zephyrmancer
  5180 | D:6      | Killed a deep elf zephyrmancer
  5600 | D:7      | Found a staircase to the Ecumenical Temple.
  5604 | Temple   | Entered the Ecumenical Temple
  5630 | Temple   | Became a worshipper of Warmaster Okawaru
  5917 | D:8      | Noticed Prince Ribbit
  5997 | D:8      | Noticed a troll
  5998 | D:8      | Noticed a two-headed ogre
  6030 | D:7      | Killed a troll
  6031 | D:7      | Reached XP level 10. HP: 46/63 MP: 10/10
  6057 | D:7      | Killed a two-headed ogre
  6057 | D:7      | Reached * piety under Okawaru
  6548 | D:9      | Found a blossoming altar of Fedhas.
  6615 | D:9      | Killed from afar by an orc priest

Illustrated notes

Levels and vault maps discovered:
D:1:      dpeg_arrival_erosion, layout_loops_corners,
          ebering_ecumenical_altar_hall, minmay_misc_feat_enclosed
D:2:      minmay_general_purpose_star, layout_loops_ring,
          minmay_gold_behind_fungi
D:3:      layout_loops_ring, chequers_serial_rivers_micro_e, roderic_batcave,
          st_stairs_2, hangedman_abyss_or_decor_lesser_grid,
          minmay_misc_feat_doors, grunt_ministairs_7, minmay_shallow_snake_nest
D:4:      layout_cave_pools, uniq_ijyb
D:5:      layout_gridville, cheibrodos_gnoll_hut
D:6:      lemuel_slime, layout_cave_pools, guppyfry_early_elven_hall,
          uniq_blork_the_orc
D:7:      layout_rooms, temple_hall_moat
D:8:      layout_rooms, uniq_prince_ribbit1
D:9:      layout_cave_pools, fedhas_altar_2, serial_column_ruins,
          column_ruins_hut_ruined, column_ruins_circle_medium,
          column_ruins_open_tiny, column_ruins_columns_straight,
          column_ruins_grid_1, column_ruins_corridor_corner,
          column_ruins_grid_1, column_ruins_grid_2
Temple:   nicolae_temple_the_god_donut

Skill      XL: |  1  2  3  4  5  6  7  8  9 10 |
---------------+-------------------------------+-----
Dodging        | 1 2 3 4 5 7 |  7.8
Fighting       | 4 5 6 7 8 |  8.0
Armour         | 4 5 6 7 8 |  8.0
Maces & Flails | 3 4 5 6 |  6.9
Shields        | |  3.2

Action                   |  1- 3 |  4- 6 |  7- 9 | 10-12 || total
-------------------------+-------+-------+-------+-------++-------
Melee: Dagger            |   135 |   316 |   375 |       ||   826
       Flail             |     4 |       |   291 |    13 ||   308
       Whip              |       |       |       |    45 ||    45
Throw: Throwing net      |       |       |     2 |       ||     2
Evoke: Wand              |       |       |     1 |       ||     1
 Stab: Held in net/web   |       |       |     1 |       ||     1
Armor: Scale mail        |    40 |       |       |       ||    40
       Chain mail        |    17 |   243 |   624 |    34 ||   918
Dodge: Dodged            |    37 |    96 |   230 |    23 ||   386
Block: Kite shield       |    67 |   183 |   411 |    42 ||   703

Table legend: (Time is in decaauts)
 A = Elapsed time spent in this place.
 B = Non-inter-level travel time spent in this place.
 C = Inter-level travel time spent in this place.
 D = Time resting spent in this place.
 E = Time spent auto-exploring this place.
 F = Levels seen in this place.
 G = Mean time per level.
                   A        B        C        D        E       F      G
               +--------+--------+--------+--------+--------+-----+--------+
         Total |   6931 |   6754 |    177 |    124 |   4203 |  10 |  693.1 |
       Dungeon |   6881 |   6726 |    155 |    124 |   4185 |   9 |  764.6 |
        Temple |     49 |     27 |     22 |      0 |     18 |   1 |   49.0 |
               +--------+--------+--------+--------+--------+-----+--------+

Top non-repeatable levels by time:
     D:1: 1138 daAuts
     D:3: 1138 daAuts
     D:5: 963 daAuts
     D:6: 909 daAuts
     D:2: 771 daAuts
     D:7: 743 daAuts
     D:4: 626 daAuts
     D:8: 427 daAuts
     D:9: 163 daAuts
  Temple: 49 daAuts
